 Dungeon Crawl Stone Soup version 0.22-a0-417-g1387785 (webtiles) character file.

30 Kairos the Ducker (level 3, 27/27 HPs)
             Began as a Demonspawn Gladiator on May 14, 2018.
             Quit the game on level 1 of the Dungeon.
             The game lasted 00:00:41 (1143 turns).

Kairos the Ducker (Demonspawn Gladiator)            Turns: 1143, Time: 00:00:42

Health: 27/27      AC:  4    Str: 15    XL:     3   Next: 5%
Magic:  3/3        EV: 13    Int:  9    God:
Gold:   81         SH:  0    Dex: 14    Spells: 2/2 levels left

rFire    . . .     SeeInvis .   a - +0 war axe
rCold    . . .     Gourm    .   (no shield)
rNeg     . . .     Faith    .   b - +0 leather armour
rPois    .         Spirit   .   c - +0 helmet
rElec    .         Reflect  .   (no cloak)
rCorr    .         Harm     .   (no gloves)
MR       .....                  (no boots)
Stlth    +.........             (no amulet)
HPRegen  0.09/turn              (no ring)
MPRegen  0.08/turn              (no ring)

@: no status effects
A: talons 1, powered by death 1
a: no special abilities


You were on level 1 of the Dungeon.
You were hungry.

You visited 1 branch of the dungeon, and saw 1 of its levels.

You collected 81 gold pieces.

Inventory:

Hand Weapons
 a - a +0 war axe (weapon)
Missiles
 d - 3 throwing nets (quivered)
Armour
 b - a +0 leather armour (worn)
 c - a +0 helmet (worn)
Scrolls
 e - a scroll of fear {unknown}
 h - a scroll of remove curse {unknown}
 l - a scroll of amnesia {unknown}
Potions
 g - a potion of cancellation {unknown}
 i - a potion of mutation {unknown}
 j - a potion of degeneration {unknown}
 k - a potion of curing {unknown}
Comestibles
 f - 2 rations


   Skills:
 + Level 2.1 Fighting
 + Level 3.2 Axes
 + Level 1.8 Throwing
 + Level 0.2 Armour
 + Level 3.2 Dodging


You had 2 spell levels left.
You didn't know any spells.
Your spell library was empty.

Dungeon Overview and Level Annotations

Branches:
Dungeon (1/15)

Altars:


Innate Abilities, Weirdness & Mutations

You have sharp toenails.
You regenerate a little health from kills.


Message History

You found a shaft!
Key pressed, stopping explore.
No target in view!
There is a shaft here.
There is a shaft here.
You open the door.
Found 23 stones.
There is an open door here.
No target in view!
l - a scroll labeled OXI FAUCKEMP No target in view!
Done exploring.
No target in view!
Done exploring.
No target in view!
Done exploring.
No target in view!
Done exploring.
Done exploring.
Are you sure you want to abandon this character and quit the game? (Confirm with "yes".)

#...# #...# #...#
#...###
#######...##.
##....##...##.
#####.....^....##.
#...#.....#######.
#@..'.....# #.
#.8.#.....# #.
#...#....## #.
#..(#....# ##
######.### #####'#
#.....# #.....#
#.<...#


There were no monsters in sight!

Vanquished Creatures
  A dart slug (D:1)
  2 leopard geckos (D:1)
  2 ball pythons (D:1)
  4 goblins (D:1)
  3 hobgoblins (D:1)
  4 kobolds (D:1)
  3 bats (D:1)
  3 frilled lizards (D:1)
  3 rats (D:1)
25 creatures vanquished.

Notes
Turn   | Place    | Note
-------+----------+-------------------------------------------
     0 | D:1      | Kairos the Demonspawn Gladiator began the quest for the Orb.
     0 | D:1      | Reached XP level 1. HP: 16/16 MP: 1/1
   138 | D:1      | Gained mutation: You have sharp toenails. [demonic ancestry]
   138 | D:1      | Reached XP level 2. HP: 3/22 MP: 2/2
  1028 | D:1      | Gained mutation: You regenerate a little health from kills. [demonic ancestry]
  1028 | D:1      | Reached XP level 3. HP: 24/27 MP: 3/3
  1143 | D:1      | Quit the game

Vault maps used:
D:1:      dpeg_arrival_rooms_b, minmay_tetromino_i2

Skill      XL: |  1  2 |
---------------+-------+-----
Dodging        | 3 |  3.2
Axes           | 3 |  3.2
Fighting       | |  2.1
Throwing       | |  1.8
Armour         | |  0.2

Action                   || total
-------------------------++-------
Melee: War axe           ||    59
       Kick              ||     7
Armor: Leather armour    ||    23
Dodge: Dodged            ||    60

Table legend:
 A = Spawn XP
 B = Non-spawn XP
 C = Spawn XP percentage of total XP
 D = Spawn monster count
 E = Non-spawn monster count
 F = Spawn count percentage of total count
 G = Total turns spent on level
                    A         B        C        D         E        F      G
               +---------+---------+-------+---------+---------+-------+---------
         Total |       0 |      44 |   0.0 |       0 |      25 |   0.0 |  1143
               +---------+---------+-------+---------+---------+-------+---------
           D:1 |       0 |      44 |   0.0 |       0 |      25 |   0.0 |  1143
               +---------+---------+-------+---------+---------+-------+---------
